 Dungeon Crawl Stone Soup version 0.29-a0-384-g6960b1960d (webtiles) character file.

Game seed: 3184766862021169937

4110 greenreed the Nimble (level 10, -6/82 HPs)
             Began as a Gnoll Monk on May 6, 2022.
             Was a High Priest of Fedhas.
             Mangled by a two-headed ogre
             ... wielding a +0 giant club
              (24 damage)
             ... on level 9 of the Dungeon.
             The game lasted 00:29:23 (10863 turns).

greenreed the Nimble (Gnoll Monk)                  Turns: 10863, Time: 00:29:24

Health: -6/82      AC:  7    Str: 12      XL:     10   Next: 26%
Magic:  26/26      EV: 13    Int: 13      God:    Fedhas [*****.]
Gold:   21         SH:  0    Dex: 13 (14) Spells: 16/19 levels left

rFire   + . .      SeeInvis +   J - +4 quarterstaff (chaos)
rCold   + . .      Faith    .   (shield currently unavailable)
rNeg    . . .      Spirit   .   y - +1 ring mail {rPois}
rPois   +          Reflect  .   (no helmet)
rElec   .          Harm     .   X - scarf {rC+ rF+}
rCorr   .          Rampage  .   (no gloves)
Will    +....                   (no boots)
Stlth   +++.......              (no amulet)
HPRegen 0.23/turn               g - ring of magical power
MPRegen 0.20/turn               A - ring of see invisible

@: no status effects
A: fangs 1, strong nose, distributed training, talons 1, deterioration 1,
strong-willed 1, MP-powered wands
a: Renounce Religion, Wall of Briars, Grow Ballistomycete, Overgrow, Grow Oklob


You were on level 9 of the Dungeon.
You worshipped Fedhas.
Fedhas was extremely pleased with you.
You visited 1 branch of the dungeon, and saw 9 of its levels.
You also visited: Sewer.

You collected 445 gold pieces.
You spent 424 gold pieces at shops.

Inventory:

Hand Weapons
 a - a +0 mace
 B - a +6 hand axe
 F - a +0 hand crossbow
 J - a +4 quarterstaff of chaos (weapon)
 W - a +1 morningstar of holy wrath
Missiles
 D - 3 curare-tipped darts (quivered)
 E - 12 poisoned darts
 N - 3 boomerangs of dispersal
Armour
 b - a +0 robe
 y - a +1 ring mail of poison resistance (worn)
 K - a +0 cloak
 M - an orb of guile
 O - a +2 robe of fire resistance
 T - a +1 cloak
 X - a scarf of resistance (worn)
Magical Staves
 I - a staff of air
Jewellery
 g - a ring of magical power (left hand)
 u - a +4 ring of evasion
 A - a ring of see invisible (right hand)
Wands
 G - a wand of flame (10)
 P - a wand of polymorph (4)
 V - a wand of acid (13)
Scrolls
 e - 5 scrolls of enchant weapon
 f - a scroll of vulnerability {unknown}
 h - 5 scrolls of enchant armour {unknown}
 k - 3 scrolls of amnesia
 m - 6 scrolls of teleportation
 n - 4 scrolls of fear {unknown}
 o - a scroll of brand weapon {unknown}
 q - a scroll of torment {unknown}
 r - 3 scrolls of fog {unknown}
 x - a scroll of silence
 C - a scroll of summoning {unknown}
 H - 2 scrolls of magic mapping {unknown}
 L - 3 scrolls of poison {unknown}
 Q - a scroll of acquirement {unknown}
 R - 2 scrolls of blinking {unknown}
Potions
 c - a potion of ambrosia
 d - 4 potions of curing
 i - 2 potions of flight
 j - 3 potions of heal wounds
 l - 2 potions of resistance
 p - a potion of cancellation
 s - 2 potions of lignification
 t - 3 potions of degeneration
 v - a potion of brilliance
 w - a potion of attraction
 z - a potion of experience {unknown}
 S - a potion of might {unknown}
 U - a potion of berserk rage


   Skills:
 + Level 8.4 Fighting
 + Level 5.1 Short Blades
 + Level 5.1 Long Blades
 + Level 5.1 Axes
 + Level 8.4 Maces & Flails
 + Level 5.1 Polearms
 + Level 5.1 Staves
 + Level 5.1 Slings
 + Level 5.1 Bows
 + Level 5.1 Crossbows
 + Level 5.1 Throwing
 + Level 5.1 Armour
 + Level 8.4 Dodging
 + Level 6.7 Stealth
 + Level 5.1 Shields
 + Level 5.1 Unarmed Combat
 + Level 5.1 Spellcasting
 + Level 4.2 Conjurations
 + Level 4.2 Hexes
 + Level 4.2 Summonings
 + Level 4.2 Necromancy
 + Level 4.2 Translocations
 + Level 4.2 Transmutations
 + Level 4.2 Fire Magic
 + Level 4.2 Ice Magic
 + Level 4.2 Air Magic
 + Level 4.2 Earth Magic
 + Level 4.2 Poison Magic
 + Level 5.6 Invocations
 + Level 5.1 Evocations


You had 16 spell levels left.
You knew the following spells:

 Your Spells              Type           Power      Damage    Failure   Level
a - Mephitic Cloud        Conj/Pois/Air  14%        N/A       21%         3

Your spell library contained the following spells:

 Spells                   Type           Power      Damage    Failure   Level
 Animate Skeleton         Necr           28%        N/A       7%          1
 Apportation              Tloc           28%        N/A       7%          1
 Summon Small Mammal      Summ           56%        N/A       7%          1
 Call Canine Familiar     Summ           14%        N/A       21%         3
 Ignite Poison            Fire/Tmut/Pois 14%        N/A       21%         3
 Ozocubu's Armour         Ice            14%        N/A       21%         3
 Summon Guardian Golem    Hex/Summ       14%        N/A       21%         3
 Freezing Cloud           Conj/Ice/Air   7%         6-21      88%         5
 Ozocubu's Refrigeration  Ice            7%         4d6       100%        7


Dungeon Overview and Level Annotations

Branches:
Dungeon (9/15)             Temple (0/1) D:5           Sewer (visited)
   Lair: D:8-11         Orc: D:9-12

Altars:
Fedhas
Hepliaklqana
Makhleb
Qazlal
Ru
Trog
Wu Jian

Shops:
D:1 *   D:6 *(   D:8 *

Annotations:
D:4 1 runed translucent door, bande's ghost, amateur GrFi
D:9 exclusion: hydra


Innate Abilities, Weirdness & Mutations

You have very sharp teeth.
Your uncanny sense of smell can sniff out nearby items.
Your experience applies equally to all skills.
You have sharp toenails.
Your body sometimes deteriorates upon taking damage.
You are strong-willed. (Will+)
You expend magic power (3 MP) to strengthen your wands.


Message History

Found a leather armour.
The two-headed ogre shouts in stereo!
Throw: 6 darts (curare)
Press: ? - help, Q - select action, (/) - cycle Shift-Dir - straight line, f - two-headed ogre
Aim: a two-headed ogre, wielding a +0 giant club and a +0 giant spiked club (78% to hit)
You throw a curare-tipped dart.
The curare-tipped dart barely misses the two-headed ogre.
The two-headed ogre hits you with a +0 giant club.
The two-headed ogre barely misses you.
Throw: 5 darts (curare)
Press: ? - help, Q - select action, (/) - cycle Shift-Dir - straight line, f/p - two-headed ogre
Aim: a two-headed ogre, wielding a +0 giant club and a +0 giant spiked club (78% to hit)
You throw a curare-tipped dart.
The curare-tipped dart barely misses the two-headed ogre.
Throw: 4 darts (curare)
Press: ? - help, Q - select action, (/) - cycle Shift-Dir - straight line, f/p - two-headed ogre
Aim: a two-headed ogre, wielding a +0 giant club and a +0 giant spiked club (78% to hit)
You throw a curare-tipped dart.
The curare-tipped dart hits the two-headed ogre.
The two-headed ogre is poisoned.
The two-headed ogre convulses.
The two-headed ogre seems to slow down.
The two-headed ogre is lightly wounded.
You hit the two-headed ogre but do no damage.
The two-headed ogre seems to grow stronger.
The two-headed ogre is lightly wounded.
The two-headed ogre hits you with a +0 giant club!!
Your body deteriorates!
You feel clumsy.
The two-headed ogre hits you with a +0 giant spiked club!
You hit the two-headed ogre but do no damage.
The two-headed ogre shakes off its lethargy.
The two-headed ogre goes berserk!
You claw the two-headed ogre, but do no damage.
The two-headed ogre is lightly wounded.
The two-headed ogre closely misses you.
The two-headed ogre hits you with a +0 giant spiked club!
* * * LOW HITPOINT WARNING * * *
The two-headed ogre rages.
The two-headed ogre hits you with a +0 giant club!!
You die...
Fedhas appreciates your contribution to the ecosystem.

#..#.....#.....#
##..#'#####.....#
#...........##### .
#...........# ..
#...........#
...########...........#
........[.............#####
..........................#
.........O@...............#
.(.....(..###.............#
..........# #.............#
########### ###..........#
#..........# ∆ #.<........#
#########+##


You could see a two-headed ogre (berserk, strong, very poisoned).

Vanquished Creatures
  A two-headed ogre (D:8)
  A troll (D:9)
  Grinder (D:3)
  Sigmund (D:5)
  A wyvern (D:8)
  A steam dragon (D:8)
  Edmund (D:5)
  A water moccasin (D:8)
  An ice beast (D:6)
  An orc warrior (D:8)
  A black bear (D:7)
  A centaur (D:7)
  An ogre (D:6)
  2 kobold brigands (Sewer)
  2 bullfrogs
  3 necrophages
  6 scorpions
  7 howler monkeys
  5 jellies
  4 orc priests
  5 hounds
  Crazy Yiuf (D:4)
  6 iguanas
  2 orc wizards (D:7)
  A hound skeleton (D:5)
  3 gnolls (D:5)
  10 adders
  A river rat (Sewer)
  An ufetubus (D:6)
  3 worms
  15 orcs
  10 endoplasms
  3 giant cockroaches
  6 goblins
  2 hobgoblins
  5 jackals
  11 kobolds
  2 quokkas (D:5)
  14 ball pythons
  4 bats
  4 frilled lizards (D:2)
  7 rats
  A spectral hobgoblin (D:1)
159 creatures vanquished.

Vanquished Creatures (collateral kills)
  4 orcs
  A ballistomycete spore (D:8)
5 creatures vanquished.

Vanquished Creatures (others)
  A giant cockroach (D:1)
  11 fungi
  21 plants (D:5)
  14 toadstools (D:5)
47 creatures vanquished.

Grand Total: 211 creatures vanquished

Notes
Turn   | Place    | Note
-------+----------+-------------------------------------------
     0 | D:1      | greenreed the Gnoll Monk began the quest for the Orb.
     0 | D:1      | Reached XP level 1. HP: 23/23 MP: 1/1
   136 | D:1      | Found a faded altar of an unknown god.
   148 | D:1      | Prayed at the altar of an unknown god.
   148 | D:1      | Became a worshipper of Fedhas Madash
   148 | D:1      | Reached * piety under Fedhas
   148 | D:1      | Reached ** piety under Fedhas
   304 | D:1      | Reached XP level 2. HP: 13/29 MP: 2/2
   554 | D:1      | Found Caps's General Store.
  1002 | D:2      | Reached *** piety under Fedhas
  1104 | D:2      | Reached XP level 3. HP: 35/35 MP: 3/3
  1113 | D:2      | Found a sacrificial altar of Ru.
  1177 | D:2      | Reached skill level 1 in Invocations
  1516 | D:2      | Reached skill level 1 in Short Blades
  1516 | D:2      | Reached skill level 1 in Long Blades
  1516 | D:2      | Reached skill level 1 in Axes
  1516 | D:2      | Reached skill level 1 in Polearms
  1516 | D:2      | Reached skill level 1 in Staves
  1516 | D:2      | Reached skill level 1 in Slings
  1516 | D:2      | Reached skill level 1 in Bows
  1516 | D:2      | Reached skill level 1 in Crossbows
  1516 | D:2      | Reached skill level 1 in Throwing
  1516 | D:2      | Reached skill level 1 in Armour
  1516 | D:2      | Reached skill level 1 in Shields
  1516 | D:2      | Reached skill level 1 in Unarmed Combat
  1516 | D:2      | Reached skill level 1 in Spellcasting
  1516 | D:2      | Reached skill level 1 in Evocations
  1535 | D:2      | Reached XP level 4. HP: 30/41 MP: 5/5
  2166 | D:3      | Noticed Grinder
  2231 | D:3      | Reached skill level 1 in Conjurations
  2231 | D:3      | Reached skill level 1 in Hexes
  2231 | D:3      | Reached skill level 1 in Summonings
  2231 | D:3      | Reached skill level 1 in Necromancy
  2231 | D:3      | Reached skill level 1 in Translocations
  2231 | D:3      | Reached skill level 1 in Transmutations
  2231 | D:3      | Reached skill level 1 in Fire Magic
  2231 | D:3      | Reached skill level 1 in Ice Magic
  2231 | D:3      | Reached skill level 1 in Air Magic
  2231 | D:3      | Reached skill level 1 in Earth Magic
  2231 | D:3      | Reached skill level 1 in Poison Magic
  2261 | D:3      | Found an ornate altar of the Wu Jian Council.
  2410 | D:3      | Paralysed by Grinder for 4 turns
  2418 | D:3      | Killed Grinder
  2419 | D:3      | Reached XP level 5. HP: 25/47 MP: 5/7
  2419 | D:3      | Reached XP level 6. HP: 29/53 MP: 5/8
  3206 | D:3      | Reached **** piety under Fedhas
  3647 | D:4      | Found a glowing drain.
  3690 | Sewer    | Entered a sewer
  4336 | Sewer    | Gained mutation: You have sharp toenails. [potion of
                  | mutation]
  4336 | Sewer    | Gained mutation: Your spells are a little easier to cast,
                  | but a little less powerful. [potion of mutation]
  4336 | Sewer    | Gained mutation: You are covered in fur. (AC +1) [potion of
                  | mutation]
  4337 | Sewer    | Lost mutation: Your spells are a little easier to cast, but
                  | a little less powerful. [potion of mutation]
  4337 | Sewer    | Lost mutation: You are covered in fur. (AC +1) [potion of
                  | mutation]
  4337 | Sewer    | Gained mutation: Your body sometimes deteriorates upon
                  | taking damage. [potion of mutation]
  4337 | Sewer    | Gained mutation: You expend magic power (3 MP) to
                  | strengthen your wands. [potion of mutation]
  4337 | Sewer    | Gained mutation: You are strong-willed. (Will+) [potion of
                  | mutation]
  4355 | Sewer    | Reached XP level 7. HP: 41/60 MP: 10/10
  4621 | D:4      | Found a bloodstained altar of Trog.
  4828 | D:4      | Found a runed translucent door.
  4845 | D:4      | Noticed bande's ghost (amateur GrFi)
  5125 | D:4      | Reached skill level 5 in Stealth
  5244 | D:4      | Found a runed translucent door.
  5245 | D:4      | Noticed Crazy Yiuf
  5252 | D:4      | Killed Crazy Yiuf
  5534 | D:5      | Entered Level 5 of the Dungeon
  5610 | D:5      | Reached XP level 8. HP: 48/67 MP: 12/12
  5774 | D:5      | Found a staircase to the Ecumenical Temple.
  6102 | D:5      | Found a burning altar of Makhleb.
  6374 | D:5      | Noticed Sigmund
  6383 | D:5      | Killed Sigmund
  6423 | D:5      | Noticed Edmund
  6431 | D:5      | Killed Edmund
  6520 | D:5      | Found a blossoming altar of Fedhas.
  6554 | D:5      | Noticed an oklob plant
  6855 | D:6      | Found Emuelor's General Store.
  6873 | D:6      | Reached XP level 9. HP: 60/73 MP: 14/14
  6885 | D:6      | Bought a scroll of teleportation for 36 gold pieces
  6885 | D:6      | Bought a scroll of teleportation for 36 gold pieces
  7019 | D:6      | Found Sifuzi's Weapon Boutique.
  7260 | D:6      | Found Sirythra's Antique Weapon Boutique.
  7311 | D:6      | Found a stormy altar of Qazlal.
  7500 | D:7      | Reached ***** piety under Fedhas
  8244 | D:7      | Learned a level 3 spell: Mephitic Cloud
  8274 | D:8      | Noticed a two-headed ogre
  8490 | D:8      | Found Cogeibbodarr's Neck Hole.
  8827 | D:8      | Reached skill level 5 in Invocations
  9149 | D:8      | Found a hazy altar of Hepliaklqana.
  9522 | D:8      | Killed a two-headed ogre
  9523 | D:8      | Reached XP level 10. HP: 60/80 MP: 17/17
  9795 | D:8      | Reached skill level 5 in Short Blades
  9795 | D:8      | Reached skill level 5 in Long Blades
  9795 | D:8      | Reached skill level 5 in Axes
  9795 | D:8      | Reached skill level 5 in Polearms
  9795 | D:8      | Reached skill level 5 in Staves
  9795 | D:8      | Reached skill level 5 in Slings
  9795 | D:8      | Reached skill level 5 in Bows
  9795 | D:8      | Reached skill level 5 in Crossbows
  9795 | D:8      | Reached skill level 5 in Throwing
  9795 | D:8      | Reached skill level 5 in Armour
  9795 | D:8      | Reached skill level 5 in Shields
  9795 | D:8      | Reached skill level 5 in Unarmed Combat
  9795 | D:8      | Reached skill level 5 in Spellcasting
  9795 | D:8      | Reached skill level 5 in Evocations
 10011 | D:8      | Bought a scarf of resistance for 352 gold pieces
 10835 | D:9      | Noticed an eight-headed hydra
 10851 | D:9      | Noticed a two-headed ogre
 10863 | D:9      | Mangled by a two-headed ogre

Illustrated notes

Levels and vault maps discovered:
D:1:      lightli_arrival_farm, layout_basic,
          dreamdust_ecumenical_altar_drowned_temple, serial_shops,
          nicolae_shop_waterfront, lemuel_old_faithful
D:2:      layout_rooms, basic_altar, st_stairs_5, minmay_snake_closets
D:3:      layout_basic, nicolae_wu_jian_wuxing_cycle, uniq_grinder
D:4:      layout_basic, mainiacjoe_overflow_paths, portal_sewer_entry_c,
          ebering_ghost_sewer_d, uniq_crazy_yiuf_cottage
D:5:      layout_loops_ring, tgw_fedhas, makhleb_blood_cavern_becter,
          minmay_temple_entry_nine_rooms, sigmund_edmund_badplayer
D:6:      layout_rooms, lemuel_crystal_altar, serial_shops,
          nicolae_shop_waterfront, kennysheep_mini,
          nicolae_shop_bloodbath_and_beyond
D:7:      layout_loops_ring
D:8:      layout_basic, old_standard_altar, nicolae_shop_sticking_my_neck_out
D:9:      layout_irregular_city, david_lair_generic, uniq_harold

Skill      XL: |  1  2  3  4  5  6  7  8  9 10 |
---------------+-------------------------------+-----
Invocations    | 1 2 3 4 5 |  5.6
Short Blades   | 1 2 3 4 5 |  5.1
Long Blades    | 1 2 3 4 5 |  5.1
Axes           | 1 2 3 4 5 |  5.1
Polearms       | 1 2 3 4 5 |  5.1
Staves         | 1 2 3 4 5 |  5.1
Slings         | 1 2 3 4 5 |  5.1
Bows           | 1 2 3 4 5 |  5.1
Crossbows      | 1 2 3 4 5 |  5.1
Throwing       | 1 2 3 4 5 |  5.1
Armour         | 1 2 3 4 5 |  5.1
Shields        | 1 2 3 4 5 |  5.1
Unarmed Combat | 1 2 3 4 5 |  5.1
Spellcasting   | 1 2 3 4 5 |  5.1
Evocations     | 1 2 3 4 5 |  5.1
Conjurations   | 1 2 3 4 |  4.2
Hexes          | 1 2 3 4 |  4.2
Summonings     | 1 2 3 4 |  4.2
Necromancy     | 1 2 3 4 |  4.2
Translocations | 1 2 3 4 |  4.2
Transmutations | 1 2 3 4 |  4.2
Fire Magic     | 1 2 3 4 |  4.2
Ice Magic      | 1 2 3 4 |  4.2
Air Magic      | 1 2 3 4 |  4.2
Earth Magic    | 1 2 3 4 |  4.2
Poison Magic   | 1 2 3 4 |  4.2
Fighting       | 7 8 |  8.4
Maces & Flails | 7 8 |  8.4
Dodging        | 7 8 |  8.4
Stealth        | 5 6 |  6.7

Action                   |  1- 3 |  4- 6 |  7- 9 | 10-12 || total
-------------------------+-------+-------+-------+-------++-------
Melee: Mace              |    80 |   118 |       |       ||   198
       Bite              |     4 |    12 |    32 |     1 ||    49
       Punch             |     2 |     4 |       |       ||     6
       Hand axe          |       |    70 |    38 |       ||   108
       Kick              |       |     4 |    61 |     8 ||    73
       Quarterstaff      |       |       |   202 |    27 ||   229
Throw: Dart              |       |       |     3 |     3 ||     6
Invok: Overgrow          |       |     1 |       |     1 ||     2
       Wall of Briars    |       |     1 |       |       ||     1
Evoke: Wand              |       |       |     4 |       ||     4
  Use: Potion            |       |     7 |       |       ||     7
       Scroll            |       |     5 |     3 |     1 ||     9
 Stab: Sleeping          |     2 |     9 |    10 |       ||    21
       Confused          |       |       |     1 |     1 ||     2
       Paralysed         |       |       |     1 |       ||     1
Armor: Robe              |    13 |     9 |       |       ||    22
       Ring mail         |       |    18 |    94 |     5 ||   117
Dodge: Dodged            |    73 |   106 |   195 |    29 ||   403

Table legend: (Time is in decaauts)
 A = Elapsed time spent in this place.
 B = Non-inter-level travel time spent in this place.
 C = Inter-level travel time spent in this place.
 D = Time resting spent in this place.
 E = Time spent auto-exploring this place.
 F = Levels seen in this place.
 G = Mean time per level.
                   A        B        C        D        E       F      G
               +--------+--------+--------+--------+--------+-----+--------+
         Total |  11067 |  10575 |    492 |    723 |   8078 |  10 | 1106.7 |
       Dungeon |  10271 |   9779 |    492 |    676 |   7618 |   9 | 1141.2 |
         Sewer |    796 |    796 |      0 |     47 |    459 |   1 |  796.0 |
               +--------+--------+--------+--------+--------+-----+--------+

Top non-repeatable levels by time:
     D:7: 1651 daAuts
     D:8: 1560 daAuts
     D:4: 1478 daAuts
     D:3: 1271 daAuts
     D:2: 1138 daAuts
     D:5: 1109 daAuts
     D:1: 1006 daAuts
   Sewer: 796 daAuts
     D:6: 753 daAuts
     D:9: 300 daAuts
